NCAA
SOUTH CAROLINA GAMECOCKS @ DUKE BLUE DEVILS
05/13/2024
 
TOP OF THE 1ST
South Carolina Gamecocks batting - Pitching for Duke Blue Devils : RHP Jasper Williams
Pitching: RHP Jasper Williams
Batting: LHB Josh Pérez 0-0: Ball
1-0: Foul Ball, location: 2F
1-1: Ball
2-1: Foul Ball, location: 2F
2-2: Foul Ball, location: 2F
2-2: Ground out 4-3 (Groundball, 4M)
Batting: RHB Lewis Carter 0-0: Ball
1-0: Ball
2-0: Called Strike
2-1: Called Strike
2-2: Strikes out swinging
Batting: RHB Junior Adams 0-0: Fly out, F8 (Flyball, 8LS)
Top of the 1st over - 0 run(s), 0 hit(s), 0 error(s), 0 left on base; South Carolina 0 - Duke 0
BOTTOM OF THE 1ST
Duke Blue Devils batting - Pitching for South Carolina Gamecocks : RHP Bryce Davis
Pitching: RHP Bryce Davis
Batting: SHB Luis Zamora 0-0: Ball
1-0: Ground out 4-3 (Groundball, 4)
Batting: LHB Vicente Chávez 0-0: Called Strike
0-1: Ball
1-1: Fly out, F5 (Popup, 25)
Batting: RHB Mike Ingram 0-0: Ball
1-0: Fly out, F7 (Flyball, 7M)
Bottom of the 1st over - 0 run(s), 0 hit(s), 0 error(s), 0 left on base; South Carolina 0 - Duke 0
TOP OF THE 2ND
South Carolina Gamecocks batting - Pitching for Duke Blue Devils : RHP Jasper Williams
Batting: RHB Doug O'Brien 0-0: SINGLE (Line Drive, 7LS)
Batting: RHB Carl Johnston 0-0: Ball
1-0: Called Strike
1-1: SINGLE (Groundball, 6MD)
Doug O'Brien to second
Batting: RHB Taylor Justice 0-0: Swinging Strike
0-1: Ball
1-1: Ball
2-1: Grounds into double play, 5-4-3 (Groundball, 56)
Doug O'Brien to third
Batting: RHB Clint Ratzlaff 0-0: Ball
1-0: Called Strike
1-1: Swinging Strike
1-2: Strikes out swinging
Top of the 2nd over - 0 run(s), 2 hit(s), 0 error(s), 1 left on base; South Carolina 0 - Duke 0
BOTTOM OF THE 2ND
Duke Blue Devils batting - Pitching for South Carolina Gamecocks : RHP Bryce Davis
Batting: LHB Will Hill 0-0: Called Strike
0-1: Ball
1-1: SINGLE (Flyball, 9M)
Batting: LHB Ramón Salazar 0-0: Fly out, F8 (Flyball, 8LM)
Batting: RHB Mitchell Johnston 0-0: Ball
1-0: Foul Ball, location: 2F
1-1: Foul Ball, location: 2F
1-2: Foul Ball, location: 2F
1-2: Ball
2-2: Strikes out looking
Batting: RHB Matt Osborne 0-0: Ball
1-0: Called Strike
1-1: Ball
2-1: Ground out 1-3 (Groundball, 15)
Bottom of the 2nd over - 0 run(s), 1 hit(s), 0 error(s), 1 left on base; South Carolina 0 - Duke 0
TOP OF THE 3RD
South Carolina Gamecocks batting - Pitching for Duke Blue Devils : RHP Jasper Williams
Batting: RHB José Zúńiga 0-0: Ball
1-0: Called Strike
1-1: Ball
2-1: Foul Ball, location: 2F
2-2: Strikes out swinging
Batting: RHB Gary Wyatt 0-0: Foul Ball, location: 2F
0-1: Ball
1-1: Ground out 1-3 (Groundball, 13)
Batting: LHB Josh Pérez 0-0: Called Strike
0-1: Ball
1-1: Swinging Strike
1-2: Strikes out looking
Top of the 3rd over - 0 run(s), 0 hit(s), 0 error(s), 0 left on base; South Carolina 0 - Duke 0
BOTTOM OF THE 3RD
Duke Blue Devils batting - Pitching for South Carolina Gamecocks : RHP Bryce Davis
Batting: SHB Randy Rodríguez 0-0: Ball
1-0: Called Strike
1-1: Ball
2-1: Foul Ball, location: 2F
2-2: Foul Ball, location: 2F
2-2: Ball
3-2: Strikes out swinging
Batting: RHB Jake Belcher 0-0: Swinging Strike
0-1: Foul Ball, location: 2F
0-2: Ball
1-2: Strikes out swinging
Batting: SHB Luis Zamora 0-0: Called Strike
0-1: Swinging Strike
0-2: Ball
1-2: Fly out, F8 (Flyball, 8LD)
Bottom of the 3rd over - 0 run(s), 0 hit(s), 0 error(s), 0 left on base; South Carolina 0 - Duke 0
TOP OF THE 4TH
South Carolina Gamecocks batting - Pitching for Duke Blue Devils : RHP Jasper Williams
Batting: RHB Lewis Carter 0-0: Called Strike
0-1: Fly out, F9 (Flyball, 89M)
Batting: RHB Junior Adams 0-0: Called Strike
0-1: Ball
1-1: Swinging Strike
1-2: Foul Ball, location: 2F
1-2: Ball
2-2: SINGLE (Line Drive, 56)
Batting: RHB Doug O'Brien 0-0: Ball
1-0: Ball
2-0: Called Strike
2-1: Ball
3-1: Base on Balls
Junior Adams to second
Batting: RHB Carl Johnston 0-0: Called Strike
Junior Adams steals 3rd base
Doug O'Brien to second
0-1: Foul Ball, location: 2F
0-2: Foul Ball, location: 2F
0-2: Strikes out swinging
Batting: RHB Taylor Justice 0-0: Ball
1-0: Ball
2-0: Foul Ball, location: 2F
2-1: Ball
3-1: Swinging Strike
3-2: DOUBLE (Line Drive, 78M)
Junior Adams scores
Doug O'Brien scores
Batting: RHB Clint Ratzlaff 0-0: Ball
1-0: Foul Ball, location: 2F
1-1: Ball
2-1: Foul Ball, location: 2F
2-2: Fly out, F2 (Popup, 2RF)
Top of the 4th over - 2 run(s), 2 hit(s), 0 error(s), 1 left on base; South Carolina 2 - Duke 0
BOTTOM OF THE 4TH
Duke Blue Devils batting - Pitching for South Carolina Gamecocks : RHP Bryce Davis
Batting: LHB Vicente Chávez 0-0: Called Strike
0-1: Ball
1-1: SINGLE (Line Drive, 78M)
Batting: RHB Mike Ingram 0-0: Called Strike
0-1: SINGLE (Line Drive, 6D)
Vicente Chávez to second
Batting: LHB Will Hill 0-0: Called Strike
0-1: Fly out, F8 (Flyball, 8RM)
Runner from 2nd tags up, SAFE at 3rd with throw
Batting: LHB Ramón Salazar 0-0: Foul Ball, location: 2F
0-1: Ball
1-1: Ball
2-1: Foul Ball, location: 2F
2-2: SINGLE (Flyball, 78S)
Vicente Chávez scores
Mike Ingram to second
Batting: RHB Mitchell Johnston 0-0: Ground out 6-3 (Groundball, 6S)
Mike Ingram to third
Ramón Salazar to second
Batting: RHB Matt Osborne 0-0: Called Strike
0-1: Called Strike
0-2: Ball
1-2: Strikes out looking
Bottom of the 4th over - 1 run(s), 3 hit(s), 0 error(s), 2 left on base; South Carolina 2 - Duke 1
TOP OF THE 5TH
South Carolina Gamecocks batting - Pitching for Duke Blue Devils : RHP Jasper Williams
Batting: RHB José Zúńiga 0-0: Ball
1-0: Called Strike
1-1: Called Strike
1-2: Ball
2-2: Strikes out looking
Batting: RHB Gary Wyatt 0-0: Fly out, F7 (Line Drive, 7M)
Batting: LHB Josh Pérez 0-0: Ball
1-0: Ball
2-0: Ball
3-0: Called Strike
3-1: Called Strike
3-2: Foul Ball, location: 2F
3-2: Base on Balls
Batting: RHB Lewis Carter 0-0: Swinging Strike
0-1: Ball
1-1: Ball
2-1: Foul Ball, location: 2F
2-2: Fly out, F7 (Flyball, 7M)
Top of the 5th over - 0 run(s), 0 hit(s), 0 error(s), 1 left on base; South Carolina 2 - Duke 1
BOTTOM OF THE 5TH
Duke Blue Devils batting - Pitching for South Carolina Gamecocks : RHP Bryce Davis
Batting: SHB Randy Rodríguez 0-0: Ground out U3 (Groundball, 3S)
Batting: RHB Jake Belcher 0-0: Ball
1-0: Called Strike
1-1: Ground out U3 (Groundball, 3)
Batting: SHB Luis Zamora 0-0: Ball
1-0: Ball
2-0: Called Strike
2-1: Ball
3-1: Foul Ball, location: 2F
3-2: Ground out U3 (Groundball, 3L)
Bottom of the 5th over - 0 run(s), 0 hit(s), 0 error(s), 0 left on base; South Carolina 2 - Duke 1
TOP OF THE 6TH
South Carolina Gamecocks batting - Pitching for Duke Blue Devils : RHP Jasper Williams
Pitching: RHP Ramón Rodríguez
Batting: RHB Junior Adams 0-0: Ball
1-0: Ball
2-0: Ball
3-0: Reached on error, E5 (Groundball, 5S)
Batting: RHB Doug O'Brien 0-0: Called Strike
0-1: Ball
1-1: Ball
2-1: Ball
3-1: Swinging Strike
3-2: Base on Balls
Batting: RHB Carl Johnston 0-0: Called Strike
0-1: Ball
1-1: Foul Ball, location: 2F
1-2: Ball
2-2: Ball
3-2: SINGLE (Groundball, 6M)
Junior Adams to third
Doug O'Brien to second
Runner from 3rd tries for Home, throw and OUT!
Doug O'Brien to third
Carl Johnston to second
Batting: RHB Taylor Justice 0-0: Ball
1-0: Foul Ball, location: 2F
1-1: Called Strike
1-2: Ball
2-2: Foul Ball, location: 2F
2-2: DOUBLE (Flyball, 8RXD)
Doug O'Brien scores
Carl Johnston scores
Batting: RHB Clint Ratzlaff 0-0: Ball
1-0: Fly out, F7 (Flyball, 7M)
Batting: RHB José Zúńiga 0-0: Ball
1-0: Swinging Strike
1-1: Called Strike
1-2: Ball
2-2: Strikes out swinging
Top of the 6th over - 2 run(s), 2 hit(s), 1 error(s), 1 left on base; South Carolina 4 - Duke 1
BOTTOM OF THE 6TH
Duke Blue Devils batting - Pitching for South Carolina Gamecocks : RHP Bryce Davis
Batting: LHB Vicente Chávez 0-0: Foul Ball, location: 2F
0-1: Fly out, F6 (Popup, 5DF)
Batting: RHB Mike Ingram 0-0: Fly out, F7 (Line Drive, 7S)
Batting: LHB Will Hill 0-0: Foul Ball, location: 2F
0-1: Foul Ball, location: 2F
0-2: Foul Ball, location: 2F
0-2: Ball
1-2: Foul Ball, location: 2F
1-2: Strikes out swinging
Bottom of the 6th over - 0 run(s), 0 hit(s), 0 error(s), 0 left on base; South Carolina 4 - Duke 1
TOP OF THE 7TH
South Carolina Gamecocks batting - Pitching for Duke Blue Devils : RHP Ramón Rodríguez
Batting: RHB Gary Wyatt 0-0: Called Strike
0-1: Swinging Strike
0-2: Ball
1-2: Ball
2-2: Strikes out looking
Batting: LHB Josh Pérez 0-0: Ball
1-0: Called Strike
1-1: Foul Ball, location: 2F
1-2: SINGLE (Groundball, 15S) (infield hit)
Batting: RHB Lewis Carter 0-0: Ball
Wild Pitch!
Josh Pérez to second
1-0: Ball
2-0: Foul Ball, location: 2F
2-1: Called Strike
2-2: Strikes out looking
Pitching: RHP Graham Butler
Batting: RHB Junior Adams 0-0: Ball
1-0: Ground out 5-3 (Groundball, 5)
Top of the 7th over - 0 run(s), 1 hit(s), 0 error(s), 1 left on base; South Carolina 4 - Duke 1
BOTTOM OF THE 7TH
Duke Blue Devils batting - Pitching for South Carolina Gamecocks : RHP Bryce Davis
Batting: LHB Ramón Salazar 0-0: Called Strike
0-1: Foul Ball, location: 2F
0-2: Ball
1-2: Ball
2-2: Strikes out looking
Batting: RHB Mitchell Johnston 0-0: Ball
1-0: Ground out 5-3 (Groundball, 56S)
Batting: RHB Matt Osborne 0-0: Ball
1-0: SINGLE (Line Drive, 8LS)
Pitching: RHP Gerald Wood
Batting: SHB Randy Rodríguez 0-0: Ball
1-0: Foul Ball, location: 2F
1-1: Foul Ball, location: 2F
1-2: Fly out, F5 (Popup, 5F)
Bottom of the 7th over - 0 run(s), 1 hit(s), 0 error(s), 1 left on base; South Carolina 4 - Duke 1
TOP OF THE 8TH
South Carolina Gamecocks batting - Pitching for Duke Blue Devils : RHP Graham Butler
Batting: RHB Doug O'Brien 0-0: Foul Ball, location: 2F
0-1: Called Strike
0-2: Foul Ball, location: 2F
0-2: Foul Ball, location: 2F
0-2: Foul Ball, location: 2F
0-2: Ball
1-2: DOUBLE (Line Drive, 78M)
Batting: RHB Carl Johnston 0-0: Ball
1-0: Foul Ball, location: 2F
1-1: Ball
2-1: Ball
3-1: Ground out 5-3 (Groundball, 5L)
Batting: RHB Taylor Justice 0-0: Intentional Walk
Batting: RHB Clint Ratzlaff 0-0: Ball
1-0: Ball
2-0: Ball
3-0: Base on Balls
Doug O'Brien to third
Taylor Justice to second
Pinch Hitting: RHB Fernando Pérez 0-0: Ball
1-0: Ball
2-0: Fly out, F7 (Flyball, 7M)
Runner from 3rd tags up, SCORES, throw made
Batting: RHB Gary Wyatt 0-0: Foul Ball, location: 2F
0-1: Ball
1-1: Foul Ball, location: 2F
1-2: Foul Ball, location: 2F
1-2: SINGLE (Groundball, 34)
Taylor Justice to third
Clint Ratzlaff to second
Runner from 3rd tries for Home, throw and OUT!
Top of the 8th over - 1 run(s), 2 hit(s), 0 error(s), 2 left on base; South Carolina 5 - Duke 1
BOTTOM OF THE 8TH
Duke Blue Devils batting - Pitching for South Carolina Gamecocks : RHP Gerald Wood
Now at 2B: Will Jones
Batting: RHB Jake Belcher 0-0: Foul Ball, location: 2F
0-1: Fly out, F9 (Flyball, 89M)
Batting: SHB Luis Zamora 0-0: Called Strike
0-1: Ground out 4-3 (Groundball, 4)
Batting: LHB Vicente Chávez 0-0: Ball
1-0: Ball
2-0: DOUBLE (Line Drive, 78M)
Batting: RHB Mike Ingram 0-0: Foul Ball, location: 2F
0-1: SINGLE (Line Drive, 56)
Vicente Chávez to third
Pitching: RHP Dan McKnight
Batting: LHB Will Hill 0-0: Ball
1-0: 3-RUN HOME RUN (Flyball, 9LD), Distance : 325 ft
Batting: LHB Ramón Salazar 0-0: Fly out, F7 (Flyball, 7S)
Bottom of the 8th over - 3 run(s), 3 hit(s), 0 error(s), 0 left on base; South Carolina 5 - Duke 4
TOP OF THE 9TH
South Carolina Gamecocks batting - Pitching for Duke Blue Devils : RHP Graham Butler
Pitching: RHP Matt Phillips
Batting: LHB Josh Pérez 0-0: Swinging Strike
0-1: Ball
1-1: Called Strike
1-2: Ball
2-2: Ground out 1-3 (Groundball, 25)
Batting: RHB Lewis Carter 0-0: Fly out, F9 (Flyball, 89M)
Batting: RHB Junior Adams 0-0: Called Strike
0-1: Ball
1-1: Ground out 5-3 (Groundball, 5L)
Top of the 9th over - 0 run(s), 0 hit(s), 0 error(s), 0 left on base; South Carolina 5 - Duke 4
BOTTOM OF THE 9TH
Duke Blue Devils batting - Pitching for South Carolina Gamecocks : RHP Dan McKnight
Pitching: RHP Joe Griffin
Batting: RHB Mitchell Johnston 0-0: Called Strike
0-1: Ball
1-1: Ball
2-1: Foul Ball, location: 2F
2-2: SINGLE (Line Drive, 6D)
Batting: RHB Matt Osborne 0-0: Foul Ball, location: 2F
0-1: Ball
1-1: Fly out, F7 (Flyball, 78S)
Pinch Hitting: RHB Wayne Ressler 0-0: Called Strike
0-1: Ball
1-1: Fly out, F9 (Flyball, 89M)
Pinch Hitting: RHB Albert Reaveley 0-0: Called Strike
0-1: Ball
1-1: Fly out, F8 (Flyball, 78M)
Bottom of the 9th over - 0 run(s), 1 hit(s), 0 error(s), 1 left on base; South Carolina 5 - Duke 4
This league is powered by Out of the Park Baseball, the baseball management simulation game for PC, Mac and Linux
Saturday, April 9th, 2016 - OOTP Baseball 16.8 Build 38